 Seeded DCSS version 0.27.1-34-g3ba077fa99 (webtiles) character file.

Game seed: 20220127 (custom seed)

12 jessy the Skirmisher (level 2, 0/25 HPs)
             Began as a Human Wanderer on Jan 27, 2022.
             Was a Follower of Jiyva.
             Slain by a worm (2 damage)
             ... on level 2 of the Dungeon.
             The game lasted 00:05:49 (1343 turns).

jessy the Skirmisher (Human Wanderer)               Turns: 1343, Time: 00:05:51

Health: 0/25       AC: 10    Str: 13    XL:     2   Next: 45%
Magic:  2/2        EV:  9    Int: 11    God:    Jiyva [*.....]
Gold:   0          SH:  0    Dex: 12    Spells: 1/1 levels left

rFire    . . .     SeeInvis .   a - +0 spear
rCold    . . .     Faith    .   (no shield)
rNeg     . . .     Spirit   .   b - +2 scale mail
rPois    .         Reflect  .   (no helmet)
rElec    .         Harm     .   (no cloak)
rCorr    .         Rampage  .   (no gloves)
Will     .....                  f - +0 pair of boots
Stlth    ..........             (no amulet)
HPRegen  0.08/turn              (no ring)
MPRegen  0.08/turn              (no ring)

@: no status effects
A: no striking features
a: Renounce Religion, Request Jelly


You were on level 2 of the Dungeon.
You worshipped Jiyva.
Jiyva was aware of your devotion.
You visited 1 branch of the dungeon, and saw 2 of its levels.

Inventory:

Hand Weapons
 a - a +0 spear (weapon)
 e - a +0 club
Missiles
 g - 8 atropa-tipped darts (quivered)
 h - 20 stones
Armour
 b - a +2 scale mail (worn)
 f - a +0 pair of boots (worn)
Scrolls
 d - a scroll of noise {unknown}
Potions
 c - a potion of curing


   Skills:
 + Level 4.2 Fighting
 + Level 0.1 Polearms
 + Level 4.1 Armour
 + Level 0.4 Dodging
 + Level 2.1 Evocations


You had one spell level left.
You didn't know any spells.
Your spell library was empty.

Dungeon Overview and Level Annotations

Branches:
Dungeon (2/15)

Altars:
Jiyva

Shops:
D:1 =


Message History

The hobgoblin barely misses you.
A hobgoblin comes into view.
The hobgoblin misses you.
The hobgoblin shouts!
You hit the worm.
The worm is lightly wounded.
The worm bites you. The hobgoblin barely misses you.
You hit the worm.
The worm is moderately wounded.
The worm bites you.
* * * LOW HITPOINT WARNING * * *
The hobgoblin hits you but does no damage.
You hit the worm.
The worm is moderately wounded.
The hobgoblin barely misses you.
You hit the worm.
The worm is moderately wounded.
The worm closely misses you.
The hobgoblin hits you but does no damage. x2
You hit the worm.
The worm is heavily wounded.
The hobgoblin hits you but does no damage.
The worm bites you.
* * * LOW HITPOINT WARNING * * *
The hobgoblin barely misses you.
You hit the worm.
The worm is severely wounded.
The hobgoblin misses you.
The hobgoblin hits you but does no damage. x2
You hit the worm.
The worm is severely wounded.
The hobgoblin closely misses you. The worm closely misses you.
The hobgoblin barely misses you. The hobgoblin closely misses you.
You hit the worm.
The worm is almost dead.
The hobgoblin completely misses you. The hobgoblin barely misses you.
The hobgoblin hits you.
* * * LOW HITPOINT WARNING * * *
The worm bites you.
You die...

###### ##.....###
.......... .........#
.####### .........#
........
.........##############.
.........##.............
.......g).)....######...
.......@w#####.# #...
......gg.# #.# #..P
.........# #.# #...
.......†.# #.# ##.≈
.........# #.# #≈≈
#.......## #.# #.≈
.#.....## #.. ##.### ##.
#.


You could see a worm and 3 hobgoblins.

Vanquished Creatures
  A giant cockroach (D:1)
  A hobgoblin (D:1)
  3 jackals (D:1)
  A kobold (D:2)
  3 ball pythons
  2 goblins
11 creatures vanquished.

Vanquished Creatures (others)
  An endoplasm (D:2)
  A goblin (D:1)
  A hobgoblin (D:1)
  2 kobolds (D:1)
  A quokka (D:1)
  A rat (D:2)
7 creatures vanquished.

Grand Total: 18 creatures vanquished

Notes
Turn   | Place    | Note
-------+----------+-------------------------------------------
     0 | D:1      | jessy the Human Wanderer began the quest for the Orb.
     0 | D:1      | jessy set off with the following items: a +0 spear, a +2
                  | scale mail, a potion of curing
     0 | D:1      | Reached XP level 1. HP: 19/19 MP: 1/1
   267 | D:1      | Found a faded altar of an unknown god.
   275 | D:1      | Became a worshipper of Jiyva Jush the Shapeless
   275 | D:1      | Reached * piety under Jiyva
   291 | D:1      | Found Buffam's Jewellery Emporium.
   334 | D:1      | Reached XP level 2. HP: 12/25 MP: 2/2
  1343 | D:2      | Slain by a worm

Illustrated notes

Levels and vault maps discovered:
D:1:      onia_arrival_mini_spirals, layout_basic, serial_shops, shop,
          dreamdust_ecumenical_altar_angels_and_demons
D:2:      minmay_general_purpose_star, layout_rooms, basic_altar, serial_undead,
          serial_undead_b, serial_undead_b, serial_undead_f, serial_undead_e,
          serial_shops, shop, minmay_tree_intersection, uniq_robin

Action                   || total
-------------------------++-------
Melee: Spear             ||    60
Armor: Scale mail        ||    64
Dodge: Dodged            ||    72
